[Event "Titled Tuesday Blitz February 28 Late 2023"]
[White "Tabatabaei, M. Amin"]
[Black "Aldokhin, Ivan"]
[WhiteFideId "12521213"]
[BlackFideId "24115720"]
[WhiteElo "2565"]
[BlackElo "2322"]
[Result "1/2-1/2"]
[Round "04"]
[TimeControl "180+2"]
[Date "2023.02.28"]
[WhiteClock "0:00:01"]
[BlackClock "0:00:05"]

1. c4 Nf6 2. Nc3 g6 3. e4 d6 4. d4 Bg7 5. Nf3 O-O 6. Be2 Nc6 7. O-O Re8 8. d5 Nb4 9. a3 Na6 10. Qc2 e6 11. Re1 Nc5 12. Bf1 exd5 13. cxd5 a5 14. Bg5 h6 15. Bh4 g5 16. Bg3 Nh5 17. Rad1 Bg4 18. Be2 Nxg3 19. hxg3 Bxc3 20. Qxc3 Nxe4 21. Qc2 Bxf3 22. Bxf3 Nf6 23. Rxe8+ Nxe8 24. Rc1 Qf6 25. b3 Rd8 26. Qe4 Qe5 27. Qa4 b6 28. Qc6 f5 29. g4 h5 30. Kf1 Kf8 31. gxh5 g4 32. Be2 Qh2 33. Bd3 Nf6 34. Bxf5 Re8 35. Be6 Qh1+ 36. Ke2 Qxg2 37. Qxc7 Qf3+ 38. Ke1 Ne4 39. Rc2 Qh1+ 40. Ke2 Qf3+ 41. Ke1 Qh1+ 42. Ke2 Qf3+ 43. Ke1 1/2-1/2


[Site "https://www.chess.com"]

[Event "Titled Tuesday Blitz February 28 Late 2023"]
[White "Mustafayev, Farid"]
[Black "Yoo, Christopher Woojin"]
[WhiteFideId "13408771"]
[BlackFideId "30909694"]
[WhiteElo "2317"]
[BlackElo "2519"]
[Result "0-1"]
[Round "04"]
[TimeControl "180+2"]
[Date "2023.02.28"]
[WhiteClock "0:01:59"]
[BlackClock "0:02:48"]

1. d4 Nf6 2. c4 e6 3. Nc3 d5 4. cxd5 exd5 5. Bg5 Bb4 6. e3 h6 7. Bh4 g5 8. Bg3 Ne4 9. Qc2 h5 10. Bd3 h4 11. Bxe4 hxg3 12. Bd3 Rxh2 0-1


[Site "https://www.chess.com"]

[Event "Titled Tuesday Blitz February 28 Late 2023"]
[White "Gubajdullin, Alexei"]
[Black "Bortnyk, Mykola"]
[WhiteFideId "4141202"]
[BlackFideId "14120836"]
[WhiteElo "2285"]
[BlackElo "2582"]
[Result "0-1"]
[Round "04"]
[TimeControl "180+2"]
[Date "2023.02.28"]
[WhiteClock "0:00:28"]
[BlackClock "0:01:14"]

1. d4 g6 2. Nf3 Bg7 3. Bf4 c5 4. e3 Qb6 5. Nc3 cxd4 6. exd4 Qxb2 7. Nd5 Kf8 8. Rb1 Qxa2 9. Ra1 Qxd5 10. Be2 Nc6 11. c3 Nf6 12. O-O Ne4 13. c4 Qf5 14. Be3 Nc3 15. Qd2 Nxe2+ 16. Qxe2 d5 17. Rad1 Be6 18. c5 h6 19. Qb5 Rb8 20. Rb1 Bf6 21. Qxc6 bxc6 22. Rxb8+ Kg7 23. Rxh8 Kxh8 24. Bxh6 g5 25. h4 g4 26. Ne5 Bxe5 27. dxe5 Qxe5 28. Rb1 Kh7 29. Bg5 f6 30. Bd2 Qd4 31. Be3 Qd3 32. Rb7 Kg6 33. Rxe7 Bf5 34. Rxa7 g3 35. Ra1 d4 36. Bf4 gxf2+ 37. Kxf2 Qc3 38. Ra8 d3 39. Rd8 Qxc5+ 40. Be3 Qc2+ 41. Kf3 Qe2+ 42. Kf4 Qg4# 0-1


[Site "https://www.chess.com"]

[Event "Titled Tuesday Blitz February 28 Late 2023"]
[White "Makarian, Rudik"]
[Black "Risteski, Emil"]
[WhiteFideId "44105681"]
[BlackFideId "15005267"]
[WhiteElo "2419"]
[BlackElo "2251"]
[Result "1-0"]
[Round "04"]
[TimeControl "180+2"]
[Date "2023.02.28"]
[WhiteClock "0:02:37"]
[BlackClock "0:00:02"]

1. a3 g6 2. d4 Bg7 3. Nf3 Nf6 4. e3 O-O 5. b4 d6 6. Bb2 Nbd7 7. Be2 e5 8. O-O Re8 9. c4 e4 10. Nfd2 h5 11. Nc3 Nf8 12. Qc2 Bf5 13. Rfc1 h4 14. h3 Qd7 15. Qd1 N8h7 16. a4 Ng5 17. Bf1 c6 18. b5 c5 19. Nb3 Rac8 20. dxc5 dxc5 21. Qxd7 Bxd7 22. Rd1 Be6 23. Rd2 Nd7 24. Na5 Rc7 25. Rad1 Ne5 26. Nd5 Rd7 27. Bxe5 Bxe5 28. Nf6+ Bxf6 29. Rxd7 Bxd7 30. Rxd7 Rd8 31. Rxd8+ Bxd8 32. Nxb7 Be7 33. a5 Ne6 34. a6 Nc7 35. Na5 Na8 36. Nc6 Bd6 37. Nxa7 Bc7 38. Nc6 Kf8 39. Be2 Ke8 40. f3 f5 41. fxe4 fxe4 42. Bd1 Nb6 43. a7 Kd7 44. Bc2 1-0


[Site "https://www.chess.com"]

[Event "Titled Tuesday Blitz February 28 Late 2023"]
[White "Saveliev, Alexei"]
[Black "Keymer, Vincent"]
[WhiteFideId "24128546"]
[BlackFideId "12940690"]
[WhiteElo "2271"]
[BlackElo "2651"]
[Result "0-1"]
[Round "04"]
[TimeControl "180+2"]
[Date "2023.02.28"]
[WhiteClock "0:01:50"]
[BlackClock "0:01:28"]

1. c4 Nf6 2. Nc3 e5 3. Nf3 Nc6 4. e3 Bb4 5. Qc2 Bxc3 6. Qxc3 Qe7 7. d4 e4 8. d5 exf3 9. dxc6 fxg2 10. cxd7+ Bxd7 11. Bxg2 O-O-O 12. Bd2 Ne4 13. Qb4 c5 14. Qa5 Bc6 15. Bxe4 Qxe4 16. O-O-O Qxc4+ 17. Kb1 Bxh1 18. Qxa7 Be4+ 19. Ka1 Rxd2 20. Qa8+ Kc7 21. Qa5+ b6 22. Qxd2 Qe6 23. f3 Ra8 24. a3 Bxf3 25. Rf1 Bc6 26. e4 f6 27. Rd1 Kb7 28. Qg2 g6 29. Qg3 Re8 30. Qc3 Qe5 31. Qh3 Re7 32. Rd8 Qe6 33. Qg3 Rc7 0-1


[Site "https://www.chess.com"]

[Event "Titled Tuesday Blitz February 28 Late 2023"]
[White "Zhigalko, Sergei"]
[Black "Klose, Eli"]
[WhiteFideId "13502956"]
[BlackFideId "16242955"]
[WhiteElo "2626"]
[BlackElo "2594"]
[Result "1-0"]
[Round "04"]
[TimeControl "180+2"]
[Date "2023.02.28"]
[WhiteClock "0:01:21"]
[BlackClock "0:00:20"]

1. e4 e6 2. d4 d5 3. e5 c5 4. c3 Nc6 5. Nf3 Qb6 6. Bd3 cxd4 7. O-O Bd7 8. Re1 Nh6 9. c4 dxc4 10. Bxc4 Be7 11. Nbd2 Nf5 12. a3 O-O 13. Bd3 h6 14. Nc4 Qd8 15. Bf4 Na5 16. Ncd2 Rc8 17. b4 Nc6 18. Qe2 Nb8 19. Ne4 Bc6 20. Rad1 Bd5 21. Bb1 a6 22. Ng3 Bxf3 23. Qxf3 Nh4 24. Qxb7 a5 25. Qe4 Ng6 26. Rxd4 Qb6 27. Be3 axb4 28. axb4 Nc6 29. Rc4 Qb5 30. Rec1 Ngxe5 31. Qh7# 1-0


[Site "https://www.chess.com"]

[Event "Titled Tuesday Blitz February 28 Late 2023"]
[White "Colas, Joshua"]
[Black "Ibarra Jerez, Jose Carlos"]
[WhiteFideId "2044447"]
[BlackFideId "2226332"]
[WhiteElo "2347"]
[BlackElo "2638"]
[Result "1-0"]
[Round "04"]
[TimeControl "180+2"]
[Date "2023.02.28"]
[WhiteClock "0:00:10"]
[BlackClock "0:00:07"]

1. Nf3 Nf6 2. c4 d6 3. d4 g6 4. b3 Bg7 5. Bb2 O-O 6. e3 a5 7. Nc3 c6 8. Be2 Bf5 9. O-O Ne4 10. Nxe4 Bxe4 11. Ng5 Bf5 12. e4 Bc8 13. e5 dxe5 14. dxe5 Nd7 15. f4 Nc5 16. Qxd8 Rxd8 17. Rfd1 Bf5 18. Ba3 b6 19. Bxc5 bxc5 20. g4 Bc2 21. Rxd8+ Rxd8 22. Rc1 Rd2 23. Kf1 Bd3 24. Bxd3 Rxd3 25. Ne4 Rf3+ 26. Ke2 Rxf4 27. Nxc5 Bxe5 28. Nd3 Rxg4 29. Nxe5 Re4+ 30. Kd3 Rxe5 31. a3 Kf8 32. Kd4 f6 33. b4 axb4 34. axb4 Re6 35. Kc5 f5 36. Kb6 f4 37. Kc7 f3 38. Rf1 Rf6 39. b5 cxb5 40. cxb5 e5 41. b6 e4 42. b7 Rf7+ 43. Kc6 Rxb7 44. Kxb7 Ke7 45. Re1 Kf6 46. Rxe4 Kf5 47. Re7 h5 48. Kc6 g5 49. Kd5 Kg4 50. Ke4 Kh3 51. Kxf3 g4+ 52. Kf4 Kxh2 53. Rh7 Kg2 54. Rxh5 g3 55. Rg5 Kf2 56. Rxg3 1-0


[Site "https://www.chess.com"]

[Event "Titled Tuesday Blitz February 28 Late 2023"]
[White "Vasquez Schroeder, Rodrigo"]
[Black "Manelyuk, Daniil"]
[WhiteFideId "3400042"]
[BlackFideId "44173920"]
[WhiteElo "2600"]
[BlackElo "2259"]
[Result "1-0"]
[Round "04"]
[TimeControl "180+2"]
[Date "2023.02.28"]
[WhiteClock "0:00:45"]
[BlackClock "0:00:03"]

1. d4 Nf6 2. Nf3 c5 3. d5 b5 4. c4 g6 5. cxb5 a6 6. b6 Bg7 7. Nc3 O-O 8. e4 Bb7 9. Be2 e6 10. O-O exd5 11. e5 Ng4 12. Nxd5 Nc6 13. Bg5 Qc8 14. Nf6+ Bxf6 15. exf6 d5 16. h3 Nge5 17. Nxe5 Nxe5 18. Qd2 d4 19. Qf4 Re8 20. Qh4 Qc6 21. f3 h5 22. Bf4 d3 23. Bd1 c4 24. Qg5 Nd7 25. Be3 Re5 26. Qh6 Nxf6 27. Bd4 Re6 28. Rc1 Rd8 29. Qf4 Nd5 30. Qh6 Nf6 31. Bf2 Nd5 32. Bb3 c3 33. Bxd5 Qxd5 34. Rxc3 d2 35. Rd1 a5 36. Rc2 Re2 37. Qf4 Ba6 38. Qf6 Rde8 39. Bd4 Re1+ 40. Kh2 Qxd4 41. Qxd4 Rxd1 42. Rxd2 Rc1 43. Qd7 Ree1 44. h4 Rh1+ 45. Kg3 Bc8 46. Qd8+ Kh7 47. Rd6 Be6 48. Qf6 Rhg1 49. Rd8 Rxg2+ 50. Kxg2 Rc2+ 51. Kg3 Rc1 52. Rh8# 1-0


[Site "https://www.chess.com"]

[Event "Titled Tuesday Blitz February 28 Late 2023"]
[White "benny_aizenberg"]
[Black "Baskakov, Egor"]
[BlackFideId "24197866"]
[WhiteElo "2583"]
[BlackElo "2212"]
[Result "0-1"]
[Round "04"]
[TimeControl "180+2"]
[Date "2023.02.28"]
[WhiteClock "0:00:03"]
[BlackClock "0:01:27"]

1. e4 c5 2. Nf3 Nf6 3. e5 Nd5 4. Nc3 e6 5. Nxd5 exd5 6. d4 Nc6 7. c3 d6 8. Bb5 Be7 9. O-O O-O 10. exd6 Bxd6 11. dxc5 Bxc5 12. Ba4 Bg4 13. Qd3 d4 14. Bxc6 bxc6 15. Nxd4 Bb6 16. Qe4 Bxd4 17. cxd4 Qd7 18. Bf4 Rfe8 19. Qc2 Qxd4 20. Be3 Qf6 21. Rac1 Be6 22. Qxc6 Qxb2 23. Rc2 Qf6 24. Bxa7 Qg6 25. Rfc1 h6 26. Be3 Rec8 27. Qxc8+ Rxc8 28. Rxc8+ Bxc8 29. Rxc8+ Kh7 30. Rc1 Qa6 31. Ra1 Qf6 32. Rb1 Qf5 33. Ra1 Qe5 34. Rb1 Qe4 35. Ra1 f5 36. g3 g5 37. a4 f4 38. Bb6 h5 39. a5 h4 40. g4 h3 41. Kf1 Qh1+ 42. Ke2 Qxa1 43. Kf3 Kg6 44. Ke4 Qh1+ 45. Ke5 Qxh2 46. a6 Qg2 47. a7 h2 48. Kd6 h1=Q 49. f3 Qxf3 0-1


[Site "https://www.chess.com"]

[Event "Titled Tuesday Blitz February 28 Late 2023"]
[White "Krallis, Christos"]
[Black "Rostovtsev, Dmitry"]
[WhiteFideId "4298896"]
[BlackFideId "34278320"]
[WhiteElo "2243"]
[BlackElo "2330"]
[Result "0-1"]
[Round "04"]
[TimeControl "180+2"]
[Date "2023.02.28"]
[WhiteClock "0:00:03"]
[BlackClock "0:00:08"]

1. e4 e5 2. Nf3 Nc6 3. Nc3 Nf6 4. Bb5 Bb4 5. O-O O-O 6. d3 d6 7. Ne2 Ne7 8. Ng3 Ng6 9. c3 Ba5 10. a4 c6 11. Bc4 d5 12. Bb3 Re8 13. h3 Be6 14. Ng5 Bd7 15. Be3 h6 16. Nf3 Be6 17. Qc2 Qd7 18. Kh2 Rad8 19. Rad1 Bc7 20. Rfe1 Nf4 21. Ng1 g6 22. Kh1 h5 23. N3e2 g5 24. Bc1 h4 25. f3 N6h5 26. d4 dxe4 27. fxe4 exd4 28. Bxf4 d3 29. Rxd3 Qxd3 30. Qxd3 Rxd3 31. Bxc7 Bxb3 32. Nc1 Rd1 33. Rxd1 Bxd1 34. e5 Ng3+ 35. Kh2 Nf1+ 36. Kh1 Ng3+ 37. Kh2 Re7 38. Bd6 Re6 39. Bb8 f6 40. Nd3 Nf1+ 41. Kh1 Ng3+ 42. Kh2 fxe5 43. Nxe5 Bxa4 44. Ngf3 Ne4 45. Ng4 Bd1 46. Be5 Bxf3 47. gxf3 Nc5 48. Bf6 Re2+ 49. Kg1 Rxb2 50. Bxg5 a5 51. c4 a4 52. Bf6 a3 53. f4 Rb1+ 54. Kf2 a2 55. Kf3 a1=Q 56. Bxa1 Rxa1 57. f5 Ra3+ 58. Kf4 Rxh3 59. Kg5 Rg3 60. Kxh4 Rxg4+ 61. Kxg4 Kf7 62. Kg5 Ne4+ 63. Kf4 Nd6 64. c5 Nb5 65. Ke5 Ke7 66. f6+ Kd7 67. Kf5 Ke8 68. Ke6 Nc7+ 69. Kd6 Na6 70. Ke5 Nxc5 71. Kf5 Kf7 72. Ke5 Nd7+ 73. Kd6 Kxf6 74. Kxd7 c5 0-1


[Site "https://www.chess.com"]

[Event "Titled Tuesday Blitz February 28 Late 2023"]
[White "Atanasov, Anthony"]
[Black "Pichot, Alan"]
[WhiteFideId "2623897"]
[BlackFideId "110973"]
[WhiteElo "2070"]
[BlackElo "2573"]
[Result "1-0"]
[Round "04"]
[TimeControl "180+2"]
[Date "2023.02.28"]
[WhiteClock "0:00:43"]
[BlackClock "0:01:26"]

1. d4 Nf6 2. Nf3 g6 3. c4 Bg7 4. Nc3 d6 5. e4 O-O 6. Be3 Ng4 7. Bg5 h6 8. Bh4 Nc6 9. h3 Nf6 10. d5 Nb8 11. Bd3 c6 12. O-O Nbd7 13. Re1 a5 14. Bg3 Nc5 15. Bc2 Qb6 16. e5 dxe5 17. Bxe5 Rd8 18. Bd4 Nfd7 19. Bxg7 Kxg7 20. Qd4+ Kg8 21. Rxe7 Qxb2 22. Rae1 Nf8 23. Qf6 1-0


[Site "https://www.chess.com"]

[Event "Titled Tuesday Blitz February 28 Late 2023"]
[White "Pinheiro, Iung Alicio de O."]
[Black "Moroni, Luca Jr"]
[WhiteFideId "2104350"]
[BlackFideId "865834"]
[WhiteElo "2283"]
[BlackElo "2569"]
[Result "0-1"]
[Round "04"]
[TimeControl "180+2"]
[Date "2023.02.28"]
[WhiteClock "0:00:13"]
[BlackClock "0:01:10"]

1. e4 c5 2. Nf3 Nc6 3. Nc3 Nf6 4. d4 cxd4 5. Nxd4 h5 6. Bg5 Qa5 7. Bxf6 gxf6 8. Nf5 Qe5 9. Bc4 e6 10. Ne3 Bb4 11. Qd3 Bxc3+ 12. bxc3 b6 13. g3 Bb7 14. f4 Qc5 15. Bb3 O-O-O 16. O-O-O Kb8 17. h4 Rhg8 18. Rhg1 Ne7 19. f5 Nc6 20. Kb2 Ne5 21. Qd4 Nf3 22. Qxc5 bxc5 23. Rgf1 Bxe4 24. Nc4 d5 25. Na5 Kc7 26. c4 Kb6 27. cxd5 exd5 28. Nc4+ dxc4 29. Bxc4 Rxd1 30. Rxd1 Kc7 31. Bxf7 Rxg3 32. Bxh5 Ne5 33. Be8 Rg2 34. Ba4 Rh2 35. Re1 Nd3+ 0-1


[Site "https://www.chess.com"]

[Event "Titled Tuesday Blitz February 28 Late 2023"]
[White "Gokerkan, Cem Kaan"]
[Black "Di Nicolantonio, Lucas"]
[WhiteFideId "6336760"]
[BlackFideId "680460"]
[WhiteElo "2365"]
[BlackElo "2358"]
[Result "1-0"]
[Round "04"]
[TimeControl "180+2"]
[Date "2023.02.28"]
[WhiteClock "0:00:06"]
[BlackClock "0:00:01"]

1. e4 g6 2. d4 Bg7 3. Nc3 d6 4. Be3 a6 5. Qd2 b5 6. h4 h6 7. O-O-O Nd7 8. Kb1 Bb7 9. a3 Rc8 10. d5 c5 11. dxc6 Bxc6 12. Nge2 Ngf6 13. f3 Ne5 14. Nd4 Bb7 15. Be2 h5 16. Rhe1 O-O 17. Bh6 Bxh6 18. Qxh6 Rxc3 19. bxc3 Qa5 20. Nb3 Qxa3 21. Qc1 Qa4 22. Rd4 Nc4 23. Bxc4 bxc4 24. Nd2 d5 25. Qb2 Rb8 26. exd5 Qe8 27. Rxc4 Nxd5 28. Kc1 a5 29. Rc5 Ba6 30. Qa3 Nf4 31. Rxa5 Ne2+ 32. Kd1 Qc6 33. Rxe2 Bxe2+ 34. Kxe2 Rd8 35. Qc5 Qe6+ 36. Qe3 Qd6 37. c4 Qb4 38. Rd5 Rc8 39. Rd3 Qb7 40. c5 Qc7 41. Rc3 Qc6 42. Qe4 Qc7 43. c6 Qg3 44. Kf1 e5 45. c7 Qh2 46. Nc4 Qh1+ 47. Kf2 Qc1 48. Qxe5 Kh7 49. Nd6 Qd2+ 50. Kg3 f6 51. Qe7+ Kh6 52. Nxc8 Qxc3 53. Nd6 1-0


[Site "https://www.chess.com"]

[Event "Titled Tuesday Blitz February 28 Late 2023"]
[White "Mendonca, Leon Luke"]
[Black "Gascon Del Nogal, Jose Rafael"]
[WhiteFideId "35028561"]
[BlackFideId "3902463"]
[WhiteElo "2464"]
[BlackElo "2473"]
[Result "1-0"]
[Round "04"]
[TimeControl "180+2"]
[Date "2023.02.28"]
[WhiteClock "0:00:21"]
[BlackClock "0:00:02"]

1. b3 d5 2. Bb2 e6 3. f4 Nf6 4. Nf3 c5 5. e3 a6 6. Bd3 Nc6 7. O-O g6 8. Ne5 Nxe5 9. fxe5 Nd7 10. Qf3 Qe7 11. c4 Bg7 12. Qf4 O-O 13. Na3 b6 14. Be2 d4 15. exd4 cxd4 16. Nc2 Bxe5 17. Qe4 d3 18. Bxe5 Nxe5 19. Bxd3 Nxd3 20. Qxd3 Bb7 21. Ne3 Rad8 22. Qc3 Qg5 23. Rf2 Rd7 24. d4 Rfd8 25. Rd1 h5 26. Rfd2 h4 27. h3 Qg3 28. b4 Be4 29. Qb3 f5 30. Nf1 Qf4 31. Qe3 Qd6 32. a3 Qe7 33. Nh2 g5 34. Nf3 g4 35. hxg4 Bxf3 36. Qxf3 Qg5 37. gxf5 exf5 38. d5 Rg7 39. d6 Qf6 40. c5 bxc5 41. bxc5 Rg3 42. Qd5+ Kg7 43. Rd3 Qg5 44. Qe5+ Qf6 45. Qxf6+ Kxf6 46. Rxg3 hxg3 47. c6 1-0


[Site "https://www.chess.com"]

[Event "Titled Tuesday Blitz February 28 Late 2023"]
[White "Cilek, Bora"]
[Black "Holt, Conrad"]
[WhiteFideId "34502165"]
[BlackFideId "2034387"]
[WhiteElo "2108"]
[BlackElo "2592"]
[Result "0-1"]
[Round "04"]
[TimeControl "180+2"]
[Date "2023.02.28"]
[WhiteClock "0:00:12"]
[BlackClock "0:00:15"]

1. Nf3 d5 2. g3 Bg4 3. Bg2 Nd7 4. c4 e6 5. cxd5 exd5 6. Qb3 Nc5 7. Qc2 Nf6 8. O-O Bd6 9. d3 O-O 10. a3 a5 11. b3 a4 12. Nbd2 Re8 13. b4 Nb3 14. Nxb3 axb3 15. Qxb3 Rxe2 16. Nd4 Re8 17. Nb5 Bf8 18. Bf4 Rc8 19. Na7 Ra8 20. Nb5 Re7 21. h3 Bh5 22. Rfe1 c6 23. Nd4 Bg6 24. g4 Qb6 25. Qc3 Rxe1+ 26. Rxe1 c5 27. bxc5 Bxc5 28. Be3 Rxa3 29. Qc1 h6 30. Nc2 Bxe3 31. Nxe3 Rxd3 32. Qc8+ Kh7 33. Nxd5 Rxd5 34. Bxd5 Qa5 35. Rd1 Nxd5 36. Qxb7 Nf4 37. Qf3 Ne6 38. Rf1 Qg5 39. Qg3 Nf4 40. h4 Ne2+ 41. Kg2 Nxg3 42. hxg5 Nxf1 0-1


[Site "https://www.chess.com"]

[Event "Titled Tuesday Blitz February 28 Late 2023"]
[White "Riff, Vincent"]
[Black "Maximov, Dmitry"]
[WhiteFideId "617776"]
[BlackFideId "14105659"]
[WhiteElo "2369"]
[BlackElo "2494"]
[Result "0-1"]
[Round "04"]
[TimeControl "180+2"]
[Date "2023.02.28"]
[WhiteClock "0:00:15"]
[BlackClock "0:00:09"]

1. e4 c5 2. Nc3 Nc6 3. Bb5 Nd4 4. Nf3 g6 5. Bc4 Bg7 6. O-O d6 7. d3 e6 8. Nxd4 cxd4 9. Ne2 Ne7 10. f4 O-O 11. Bb3 Qb6 12. Kh1 a5 13. a4 Bd7 14. f5 exf5 15. Ng3 fxe4 16. Nxe4 d5 17. Bg5 f6 18. Bf4 Be6 19. Nd2 Rae8 20. Re1 Bf7 21. Qf3 Qc6 22. g4 g5 23. Bg3 Ng6 24. Qf5 Ne5 25. Nf3 Bg6 26. Nxe5 fxe5 27. Qxg5 h6 28. Qh4 Kh7 29. g5 h5 30. Qh3 e4 31. Qg2 Qe6 32. dxe4 Bxe4 33. Rxe4 Qxe4 34. Bxd5 Qxg2+ 35. Bxg2 b6 36. Rd1 Kh8 37. c3 dxc3 38. bxc3 Bxc3 39. g6 Rf5 40. Bc6 Ref8 41. Kg2 Bg7 42. Kh3 Rc5 43. Bb5 Rg5 44. Rd4 Rxg6 45. Rh4 Rg5 46. Bf4 Rgf5 47. Bd7 Rxf4 48. Rxh5+ Kg8 49. Be6+ R8f7 50. Bxf7+ Kxf7 51. Rb5 Rb4 52. Rd5 Rxa4 53. Rd7+ Kg6 54. Rb7 Bd4 55. Kg3 Bc5 56. h4 Rd4 57. Kf3 Rxh4 58. Ke2 a4 59. Kd3 Rb4 60. Kc2 Kf5 61. Ra7 Ke5 62. Kd3 Kd5 63. Kc3 Kc6 64. Kd3 Kb5 65. Kc3 Rb3+ 66. Kc2 Rh3 67. Rf7 a3 68. Kb1 Ka4 69. Rf1 Kb3 70. Rd1 a2+ 71. Ka1 Bd4+ 72. Rxd4 Rh1+ 0-1


[Site "https://www.chess.com"]

[Event "Titled Tuesday Blitz February 28 Late 2023"]
[White "Klenburg, Michael"]
[Black "Milikow, Yoav"]
[WhiteFideId "14102072"]
[BlackFideId "2822237"]
[WhiteElo "2396"]
[BlackElo "2410"]
[Result "0-1"]
[Round "04"]
[TimeControl "180+2"]
[Date "2023.02.28"]
[WhiteClock "0:00:02"]
[BlackClock "0:00:08"]

1. g3 e5 2. Bg2 d5 3. d3 Nf6 4. Nf3 Nc6 5. O-O Be7 6. c3 a5 7. Qc2 O-O 8. Nbd2 h6 9. b3 Be6 10. Bb2 Re8 11. a3 Bd6 12. e4 dxe4 13. dxe4 Qd7 14. b4 b5 15. Rfe1 axb4 16. axb4 Ne7 17. Nb3 Ng6 18. Rxa8 Rxa8 19. Rd1 Qe8 20. Nfd2 Nd7 21. Nf1 Nb6 22. Ne3 Na4 23. Bc1 Bf8 24. Nd5 Qc8 25. Be3 c6 26. Nb6 Nxb6 27. Bxb6 Ra3 28. Nc5 Bh3 29. Qb2 Bxg2 30. Kxg2 Qg4 31. Re1 Ra8 32. Kf1 Qf3 33. h4 Rb8 34. Ba7 Rd8 35. Bb6 Rd1 36. Rxd1 Qxd1+ 37. Kg2 Qg4 38. Kf1 Bxc5 39. Bxc5 Qxe4 40. Qd2 Kh7 41. Be3 f5 42. Bc5 f4 43. h5 Nh8 44. gxf4 exf4 45. Bd4 Nf7 46. Qa2 Ng5 47. Qa7 Ne6 48. Qd7 Qh1+ 49. Ke2 Qe4+ 50. Kf1 f3 51. Kg1 Qg4+ 52. Kf1 Qf5 53. Ke1 Qe4+ 54. Kd2 Nxd4 55. cxd4 Qd5 56. Qe8 Qxd4+ 57. Kc2 Qc4+ 58. Kd1 Qxb4 59. Qg6+ Kg8 60. Qe6+ Kf8 61. Qc8+ Kf7 62. Qf5+ Ke8 63. Qc8+ Ke7 64. Qc7+ Kf6 65. Qxc6+ Kg5 66. Qxf3 Qd6+ 67. Ke1 Qf4 68. Qd5+ Qf5 69. Qg2+ Kxh5 70. Qxg7 Qe4+ 71. Kf1 Qb1+ 72. Kg2 Qe4+ 73. Kf1 Qb1+ 74. Kg2 Qg6+ 75. Qxg6+ Kxg6 76. Kf3 Kf5 77. Ke3 Kg4 78. f4 Kf5 79. Kf3 h5 80. Kg3 b4 81. Kh4 b3 82. Kxh5 b2 0-1


[Site "https://www.chess.com"]

[Event "Titled Tuesday Blitz February 28 Late 2023"]
[White "Pakleza, Zbigniew"]
[Black "Prem, Pranav"]
[WhiteFideId "1119290"]
[BlackFideId "30901057"]
[WhiteElo "2410"]
[BlackElo "1970"]
[Result "1-0"]
[Round "04"]
[TimeControl "180+2"]
[Date "2023.02.28"]
[WhiteClock "0:00:07"]
[BlackClock "0:00:03"]

1. d4 d5 2. Bf4 Nf6 3. e3 e6 4. Nd2 c5 5. c3 Nc6 6. Ngf3 Bd6 7. Bg3 O-O 8. Bd3 b6 9. Ne5 Bb7 10. f4 Ne7 11. Qb1 Qc8 12. Bh4 Nf5 13. Bxf5 exf5 14. Bxf6 gxf6 15. Nef3 Qe6 16. Kf2 Kh8 17. Nh4 Bc8 18. Re1 Rg8 19. Nf1 Rg4 20. Nf3 Bd7 21. Qd3 Rag8 22. g3 c4 23. Qc2 b5 24. b3 h5 25. Qe2 Kh7 26. Nh4 Kh6 27. Qf3 Ba3 28. Rab1 Bc6 29. Nd2 Qd7 30. Qd1 Bd6 31. Qc2 Kg7 32. Nxf5+ Kf8 33. Nh6 h4 34. Rg1 h3 35. Nf3 Qc8 36. Nxg8 Rxg8 37. Nh4 Bd7 38. Qe2 Bg4 39. Qd2 Rh8 40. bxc4 dxc4 41. Rxb5 Qc6 42. a4 a6 43. Rbb1 Bd7 44. Qe2 Be6 45. e4 Qc7 46. Nf5 Bxf5 47. exf5 Qc6 48. Qf3 Kg7 1-0


[Site "https://www.chess.com"]

[Event "Titled Tuesday Blitz February 28 Late 2023"]
[White "Boyer, Mahel"]
[Black "Jimenez Almeida, Luis David"]
[WhiteFideId "45102422"]
[BlackFideId "22242244"]
[WhiteElo "2434"]
[BlackElo "2245"]
[Result "1-0"]
[Round "04"]
[TimeControl "180+2"]
[Date "2023.02.28"]
[WhiteClock "0:00:45"]
[BlackClock "0:00:21"]

1. g3 g6 2. Bg2 Bg7 3. d3 d5 4. Nf3 Nc6 5. O-O e5 6. Nbd2 Nf6 7. e4 O-O 8. c3 Re8 9. Re1 h6 10. h3 dxe4 11. Nxe4 Nxe4 12. dxe4 Qxd1 13. Rxd1 Be6 14. Be3 Rad8 15. Nd2 Kh7 16. Bf1 Rd7 17. Nb3 Rxd1 18. Rxd1 Bf8 19. h4 a6 20. Be2 Rd8 21. Rxd8 Nxd8 22. Kf1 Kg7 23. Ke1 h5 24. Kd1 f6 25. Kc2 Kf7 26. Nc5 Bc8 27. Bc4+ Ke8 28. a4 Bxc5 29. Bxc5 Be6 30. Bd3 Nf7 31. b4 Nd6 32. b5 axb5 33. axb5 b6 34. Bb4 Nc4 35. Be2 Kf7 36. f3 Nd6 37. Bd3 Ke7 38. c4 Kd7 39. Kc3 Bh3 40. c5 bxc5 41. Bxc5 Be6 42. Kb4 f5 43. Be3 Nb7 44. f4 exf4 45. Bxf4 fxe4 46. Bxe4 Bf5 47. Bxb7 1-0


[Site "https://www.chess.com"]

[Event "Titled Tuesday Blitz February 28 Late 2023"]
[White "Tologon tegin, Semetei"]
[Black "Rozman, Levy"]
[WhiteFideId "13800574"]
[BlackFideId "2039877"]
[WhiteElo "2247"]
[BlackElo "2376"]
[Result "0-1"]
[Round "04"]
[TimeControl "180+2"]
[Date "2023.02.28"]
[WhiteClock "0:00:07"]
[BlackClock "0:00:04"]

1. d4 d5 2. c4 e6 3. Nc3 a6 4. cxd5 exd5 5. Nf3 c6 6. Bf4 Bd6 7. Bg3 Nf6 8. e3 Bf5 9. Bd3 Bxd3 10. Qxd3 O-O 11. Ne5 Qe7 12. f4 Ne8 13. O-O f6 14. Nf3 Bb4 15. Rae1 Nd6 16. Nd2 Bxc3 17. bxc3 Re8 18. c4 b5 19. cxd5 cxd5 20. f5 Ne4 21. Nxe4 Qxe4 22. Qb3 Rd8 23. Rf4 Qe8 24. e4 Qf7 25. e5 Nc6 26. Bh4 Re8 27. e6 Qh5 28. Qxd5 Ne7 29. Qe4 Rad8 30. Bf2 Rf8 31. g4 Qe8 32. Rd1 Rd5 33. Rf3 Qc8 34. h4 Rfd8 35. g5 Qc6 36. gxf6 gxf6 37. Kh2 Kh8 38. Rg1 Qc7+ 39. Kh3 Qc4 40. Qg4 Rg8 41. Qe4 Rxg1 42. Bxg1 Qc1 43. Bh2 Qd1 44. Qf4 Rxd4 45. Qb8+ Rd8 46. Qc7 Qxf3+ 47. Bg3 Qf1+ 48. Kh2 Rd2+ 49. Bf2 Qxf2+ 50. Kh3 Qg2# 0-1


[Site "https://www.chess.com"]

[Event "Titled Tuesday Blitz February 28 Late 2023"]
[White "Beerdsen, Thomas"]
[Black "Janaszak, Dawid"]
[WhiteFideId "1030108"]
[BlackFideId "1119206"]
[WhiteElo "2547"]
[BlackElo "2220"]
[Result "1-0"]
[Round "04"]
[TimeControl "180+2"]
[Date "2023.02.28"]
[WhiteClock "0:00:22"]
[BlackClock "0:00:02"]

1. a4 e5 2. Ra3 Bxa3 3. Nxa3 Nf6 4. b3 Nc6 5. Bb2 d5 6. e3 a6 7. Nf3 Qe7 8. Qa1 Nd7 9. Nb1 O-O 10. Nc3 Nf6 11. Ne2 Re8 12. h3 Nb4 13. Qd1 Nc6 14. g4 Ne4 15. d3 Qb4+ 16. c3 Qe7 17. dxe4 dxe4 18. Nd2 Rd8 19. Qc2 f5 20. gxf5 Bxf5 21. Ng3 Bg6 22. h4 h6 23. Rg1 Qxh4 24. Ngxe4 Rxd2 25. Qxd2 Qxe4 26. Bc4+ Kh8 27. Bd5 Qb1+ 28. Qd1 Qxd1+ 29. Kxd1 Rd8 30. Rxg6 Rxd5+ 31. Ke2 Rd6 32. Rg3 Kh7 33. c4 Rg6 34. Rf3 Rf6 35. Rg3 Rf5 36. f4 g6 37. fxe5 Nxe5 38. e4 Rh5 39. Ke3 Kg7 40. Rf3 Kg8 41. Rf1 Ng4+ 42. Kf4 Nf6 43. Bxf6 Rh3 44. Ke5 Rxb3 45. Be7 g5 46. Kf5 Kg7 47. e5 1-0


[Site "https://www.chess.com"]

[Event "Titled Tuesday Blitz February 28 Late 2023"]
[White "Pert, Richard G"]
[Black "Yuan, Qingyu"]
[WhiteFideId "404748"]
[BlackFideId "8609772"]
[WhiteElo "2441"]
[BlackElo "2359"]
[Result "0-1"]
[Round "04"]
[TimeControl "180+2"]
[Date "2023.02.28"]
[WhiteClock "0:00:12"]
[BlackClock "0:00:11"]

1. Nf3 d5 2. d4 Nf6 3. c4 e6 4. e3 Be7 5. b3 O-O 6. Bd3 c5 7. O-O cxd4 8. exd4 b6 9. Nbd2 Bb7 10. Bb2 Nc6 11. Re1 Rc8 12. Rc1 Re8 13. a3 a5 14. h3 Bf8 15. Qe2 g6 16. Ne5 dxc4 17. Nxc6 cxd3 18. Nxd8 dxe2 19. Nxb7 Rxc1 20. Bxc1 Rb8 21. Nxa5 bxa5 22. Rxe2 Rc8 23. Re1 Nd5 24. Kf1 Rc2 25. Ke2 Ra2 26. Kd3 Nf4+ 27. Kc3 Nxg2 28. Rd1 Nf4 29. Nc4 Ne2+ 30. Kd3 Nxc1+ 31. Rxc1 Bxa3 32. Nxa3 Rxa3 33. Rc8+ Kg7 34. Kc4 a4 35. b4 Rxh3 36. b5 Rh1 37. Ra8 Rc1+ 38. Kb4 Rb1+ 39. Kc5 h5 40. b6 h4 41. Rxa4 h3 42. Ra3 h2 43. Rh3 h1=Q 0-1


[Site "https://www.chess.com"]